| 
	| TOP OF THE 1ST | 
|---|
 
		| Los Angeles (NYP) Dodgers batting - Pitching for Rome Braves : RHP Mokichi Furuta |  
		| Pitching: RHP Mokichi Furuta |  |  
		| Batting: RHB Mario Mejia | 0-0: Ground out 5-3 (Groundball, 56S, EV 90.0 MPH) |  
		| Batting: RHB Leo Cuellar | 0-0: Ball 1-0: Swinging Strike
 1-1: Swinging Strike
 1-2: Ground out 6-3 (Groundball, 6, EV 105.6 MPH)
 |  
		| Batting: RHB John Piccolo | 0-0: Ball 1-0: Ball
 2-0: Foul Ball, location: 2F
 2-1: Foul Ball, location: 2F
 2-2: Foul Ball, location: 2F
 2-2: SINGLE  (Line Drive, 4MD, EV 95.0 MPH)
 |  
		| Batting: LHB Kippy McGrath | 0-0: Ball 1-0: Swinging Strike
 1-1: DOUBLE  (Flyball, 89D, EV 93.1 MPH)
 John Piccolo to third
 Runner from 3rd tries for Home, SAFE, no throw by CF
 |  
		| Batting: RHB Eddie Perry | 0-0: Ball 1-0: Ball
 2-0: Foul Ball, location: 2F
 2-1: Swinging Strike
 2-2: Foul Ball, location: 2F
 2-2: Strikes out swinging
 |  
		| Top of the 1st over - 1 run, 2 hits, 0 errors, 1 left on base; Los Angeles (NYP) 1 - Rome 0 |  
	| BOTTOM OF THE 1ST | 
|---|
 
		| Rome Braves batting - Pitching for Los Angeles (NYP) Dodgers : LHP Casey Ropp |  
		| Pitching: LHP Casey Ropp |  |  
		| Batting: LHB J.P. Olson | 0-0: Swinging Strike 0-1: Ball
 1-1: Swinging Strike
 1-2: Ball
 2-2: Ball
 3-2: TRIPLE  (Flyball, 78XD, EV 86.9 MPH)
 |  
		| Batting: LHB Javier Rubio | 0-0: Called Strike 0-1: Ball
 1-1: Ball
 2-1: Ball
 3-1: Base on Balls
 |  
		| Batting: RHB Ike Trout | 0-0: Ball 1-0: Foul Ball, location: 2F
 1-1: Ball
 2-1: Called Strike
 2-2: Foul Ball, location: 2F
 2-2: Ground out 5-3 (Groundball, 56S, EV 61.2 MPH)
 J.P. Olson scores
 Javier Rubio to second
 |  
		| Batting: LHB Mike Tenorio | 0-0: Called Strike Javier Rubio steals 3rd base
 0-1: Ball
 1-1: Called Strike
 1-2: Ball
 2-2: Foul Ball, location: 2F
 2-2: Ball
 3-2: Base on Balls
 |  
		| Batting: RHB Brandon Burrell | 0-0: Ball 1-0: Foul Ball, location: 2F
 1-1: Foul Ball, location: 2F
 1-2: SINGLE  (Line Drive, 78S, EV 93.1 MPH)
 Javier Rubio scores
 Mike Tenorio to second
 |  
		| Batting: LHB Joe Phillips | 0-0: Ball 1-0: Swinging Strike
 1-1: Fielders Choice at 2nd, 1-6 (Groundball, 13S, EV 73.8 MPH)
 Mike Tenorio to third
 |  
		| Batting: SHB Juan Aguilar | 0-0: Ball 1-0: Called Strike
 1-1: Ball
 2-1: Ball
 3-1: Called Strike
 3-2: Foul Ball, location: 2F
 3-2: Foul Ball, location: 2F
 3-2: Base on Balls
 Joe Phillips to second
 |  
		| Batting: SHB Eric Reeser | 0-0:  Fly out, F9  (Flyball, 9D, EV 100.0 MPH) |  
		| Bottom of the 1st over - 2 runs, 2 hits, 0 errors, 3 left on base; Los Angeles (NYP) 1 - Rome 2 |  
	| TOP OF THE 2ND | 
|---|
 
		| Los Angeles (NYP) Dodgers batting - Pitching for Rome Braves : RHP Mokichi Furuta |  
		| Batting: RHB Jonathan Kirsch | 0-0: Ball 1-0: Called Strike
 1-1: Ball
 2-1: Called Strike
 2-2: Foul Ball, location: 2F
 2-2: Ground out 5-3 (Groundball, 56, EV 108.1 MPH)
 |  
		| Batting: LHB Fernando Amaya | 0-0: Foul Ball, location: 2F 0-1: Foul Ball, location: 2F
 0-2: Ball
 1-2: Strikes out swinging
 |  
		| Batting: RHB Jonathan Quijada | 0-0: DOUBLE  (Groundball, 5L, EV 100.6 MPH) |  
		| Batting: SHB John Gernaat | 0-0: Ball 1-0: Foul Ball, location: 2F
 1-1: Called Strike
 1-2: Foul Ball, location: 2F
 1-2: Ball
 2-2: Reached via error on a dropped throw from SS, E3 (Groundball, 6, EV 91.9 MPH)
 Jonathan Quijada to third
 |  
		| Batting: RHB Mario Mejia | 0-0: Called Strike 0-1: Foul Ball, location: 2F
 0-2: Ball
 John Gernaat steals 2nd base
 1-2: Strikes out swinging
 |  
		| Top of the 2nd over - 0 runs, 1 hit, 1 error, 2 left on base; Los Angeles (NYP) 1 - Rome 2 |  
	| BOTTOM OF THE 2ND | 
|---|
 
		| Rome Braves batting - Pitching for Los Angeles (NYP) Dodgers : LHP Casey Ropp |  
		| Batting: LHB Malik Boulay | 0-0: Called Strike 0-1: Ground out 5-3 (Groundball, 56, EV 85.0 MPH)
 |  
		| Batting: LHB J.P. Olson | 0-0: Ground out 5-3 (Groundball, 5, EV 87.5 MPH) |  
		| Batting: LHB Javier Rubio | 0-0: Foul Ball, location: 2F 0-1: Ball
 1-1: Foul Ball, location: 2F
 1-2: Foul Ball, location: 2F
 1-2: Strikes out swinging
 |  
		| Bottom of the 2nd over - 0 runs, 0 hits, 0 errors, 0 left on base; Los Angeles (NYP) 1 - Rome 2 |  
	| TOP OF THE 3RD | 
|---|
 
		| Los Angeles (NYP) Dodgers batting - Pitching for Rome Braves : RHP Mokichi Furuta |  
		| Batting: RHB Leo Cuellar | 0-0: Called Strike 0-1: Ball
 1-1: Ball
 2-1: Ball
 3-1: Base on Balls
 |  
		| Batting: RHB John Piccolo | 0-0: Ball Leo Cuellar steals 2nd base
 1-0: Called Strike
 1-1: Called Strike
 1-2: Strikes out swinging
 |  
		| Batting: LHB Kippy McGrath | 0-0: Ball 1-0: Swinging Strike
 1-1: Called Strike
 1-2: Ball
 2-2:  Fly out, F8  (Flyball, 8LM, EV 93.1 MPH)
 |  
		| Batting: RHB Eddie Perry | 0-0: Called Strike 0-1: Ball
 1-1: Called Strike
 1-2: Foul Ball, location: 2F
 1-2: Foul Ball, location: 2F
 1-2: Ball
 2-2: SINGLE  (Groundball, 5D, EV 109.4 MPH)
 Leo Cuellar to third
 Runner from 3rd tries for Home, SAFE, throw by LF to home
 |  
		| Batting: RHB Jonathan Kirsch | 0-0: Ball 1-0: Foul Ball, location: 2F
 1-1: SINGLE  (Groundball, 56D, EV 96.9 MPH)
 Eddie Perry to second
 |  
		| Batting: LHB Fernando Amaya | 0-0: Ball 1-0: Ball
 2-0: Ball
 3-0: Called Strike
 3-1: Base on Balls
 Eddie Perry to third
 Jonathan Kirsch to second
 |  
		| Batting: RHB Jonathan Quijada | 0-0: Ball 1-0: Fielders Choice at 2nd, 5-4 (Groundball, 56, EV 81.2 MPH)
 |  
		| Top of the 3rd over - 1 run, 2 hits, 0 errors, 3 left on base; Los Angeles (NYP) 2 - Rome 2 |  
	| BOTTOM OF THE 3RD | 
|---|
 
		| Rome Braves batting - Pitching for Los Angeles (NYP) Dodgers : LHP Casey Ropp |  
		| Batting: RHB Ike Trout | 0-0: Called Strike 0-1: SINGLE  (Line Drive, 9S, EV 91.9 MPH)
 |  
		| Batting: LHB Mike Tenorio | 0-0: Ball 1-0: Swinging Strike
 1-1: Grounds into double play, 6-4-3 (Groundball, 6, EV 104.4 MPH)
 |  
		| Batting: RHB Brandon Burrell | 0-0: Ball 1-0:  Fly out, F9  (Flyball, 89S, EV 75.0 MPH)
 |  
		| Bottom of the 3rd over - 0 runs, 1 hit, 0 errors, 0 left on base; Los Angeles (NYP) 2 - Rome 2 |  
	| TOP OF THE 4TH | 
|---|
 
		| Los Angeles (NYP) Dodgers batting - Pitching for Rome Braves : RHP Mokichi Furuta |  
		| Batting: SHB John Gernaat | 0-0: Ball 1-0: Ball
 2-0: Ball
 3-0: Called Strike
 3-1: Ground out 5-3 (Groundball, 56S, EV 83.1 MPH)
 |  
		| Batting: RHB Mario Mejia | 0-0: Called Strike 0-1: Foul Ball, location: 2F
 0-2: Ground out U3 (Groundball, 3S, EV 86.2 MPH)
 |  
		| Batting: RHB Leo Cuellar | 0-0: Ball 1-0: Ball
 2-0: Ball
 3-0: Called Strike
 3-1: Foul Ball, location: 2F
 3-2: Strikes out swinging
 |  
		| Top of the 4th over - 0 runs, 0 hits, 0 errors, 0 left on base; Los Angeles (NYP) 2 - Rome 2 |  
	| BOTTOM OF THE 4TH | 
|---|
 
		| Rome Braves batting - Pitching for Los Angeles (NYP) Dodgers : LHP Casey Ropp |  
		| Batting: LHB Joe Phillips | 0-0: Swinging Strike 0-1: Called Strike
 0-2: Ball
 1-2: Strikes out swinging
 |  
		| Batting: SHB Juan Aguilar | 0-0: Called Strike 0-1: DOUBLE  (Groundball, 5L, EV 99.4 MPH)
 |  
		| Batting: SHB Eric Reeser | 0-0: Ball 1-0: Called Strike
 1-1: Swinging Strike
 1-2: Ball
 2-2: Foul Ball, location: 2F
 2-2: Foul Ball, location: 2F
 2-2: Strikes out looking
 |  
		| Batting: LHB Malik Boulay | 0-0: Called Strike 0-1: Ball
 1-1: Swinging Strike
 1-2: Ball
 2-2: Foul Ball, location: 2F
 2-2: Ball
 3-2: Strikes out swinging
 |  
		| Bottom of the 4th over - 0 runs, 1 hit, 0 errors, 1 left on base; Los Angeles (NYP) 2 - Rome 2 |  
	| TOP OF THE 5TH | 
|---|
 
		| Los Angeles (NYP) Dodgers batting - Pitching for Rome Braves : RHP Mokichi Furuta |  
		| Batting: RHB John Piccolo | 0-0: Ball 1-0: TRIPLE  (Line Drive, 9D, EV 103.8 MPH)
 |  
		| Batting: LHB Kippy McGrath | 0-0: Ball 1-0:  Fly out, F9  (Flyball, 89D, EV 100.0 MPH)
 Runner from 3rd tags up, OUT at HOME! 9-2
 |  
		| Batting: RHB Eddie Perry | 0-0: Ball 1-0: Foul Ball, location: 2F
 1-1: Ball
 2-1: Ball
 3-1: SINGLE  (Line Drive, 6M, EV 95.0 MPH)
 |  
		| Batting: RHB Jonathan Kirsch | 0-0: Ball 1-0: Ball
 2-0: Called Strike
 2-1: Hit by Pitch
 Eddie Perry to second
 |  
		| Batting: LHB Fernando Amaya | 0-0: Called Strike 0-1: Foul Ball, location: 2F
 0-2: Foul Ball, location: 2F
 0-2: Foul Ball, location: 2F
 0-2: Fielders Choice at 2nd, 6-4 (Groundball, 6, EV 89.4 MPH)
 |  
		| Top of the 5th over - 0 runs, 2 hits, 0 errors, 2 left on base; Los Angeles (NYP) 2 - Rome 2 |  
	| BOTTOM OF THE 5TH | 
|---|
 
		| Rome Braves batting - Pitching for Los Angeles (NYP) Dodgers : LHP Casey Ropp |  
		| Batting: LHB J.P. Olson | 0-0: Ball 1-0: Swinging Strike
 1-1: Ball
 2-1: Foul Ball, location: 2F
 2-2: DOUBLE  (Flyball, 78XD, EV 93.1 MPH)
 |  
		| Pitching: RHP Willie Alvarado |  |  
		| Batting: LHB Javier Rubio | 0-0: Ball 1-0: Ball
 2-0: Ball
 3-0: Ground out 1-3 (Groundball, 13S, EV 76.2 MPH)
 J.P. Olson to third
 |  
		| Batting: RHB Ike Trout | 0-0: Ball 1-0: Foul Ball, location: 2F
 1-1: Ball
 2-1: Called Strike
 2-2: Foul Ball, location: 2F
 2-2: Foul Ball, location: 2F
 2-2: Strikes out looking
 |  
		| Batting: LHB Mike Tenorio | 0-0: Swinging Strike 0-1: Ball
 1-1: Ball
 Wild Pitch!
 J.P. Olson scores
 2-1: Swinging Strike
 2-2: Foul Ball, location: 2F
 2-2: DOUBLE  (Flyball, 78XD, EV 100.0 MPH)
 |  
		| Batting: RHB Brandon Burrell | 0-0: Swinging Strike 0-1: Swinging Strike
 0-2:  Fly out, F3  (Popup, 3, EV 76.2 MPH)
 |  
		| Bottom of the 5th over - 1 run, 2 hits, 0 errors, 1 left on base; Los Angeles (NYP) 2 - Rome 3 |  
	| TOP OF THE 6TH | 
|---|
 
		| Los Angeles (NYP) Dodgers batting - Pitching for Rome Braves : RHP Mokichi Furuta |  
		| Pitching: RHP Marvin Rosas |  |  
		| Batting: RHB Jonathan Quijada | 0-0: Ground out 6-3 (Groundball, 6M, EV 106.2 MPH) |  
		| Batting: SHB John Gernaat | 0-0: Ball 1-0: Ball
 2-0: Ball
 3-0: Base on Balls
 |  
		| Batting: RHB Mario Mejia | 0-0: Ball John Gernaat is caught stealing 2nd base 2-4
 1-0: Swinging Strike
 1-1: Swinging Strike
 1-2: Strikes out swinging
 |  
		| Top of the 6th over - 0 runs, 0 hits, 0 errors, 0 left on base; Los Angeles (NYP) 2 - Rome 3 |  
	| BOTTOM OF THE 6TH | 
|---|
 
		| Rome Braves batting - Pitching for Los Angeles (NYP) Dodgers : RHP Willie Alvarado |  
		| Batting: LHB Joe Phillips | 0-0: Ball 1-0: Ground out 4-3 (Groundball, 4M, EV 101.2 MPH)
 |  
		| Batting: SHB Juan Aguilar | 0-0: Ground out U3 (Groundball, 3, EV 103.1 MPH) |  
		| Batting: SHB Eric Reeser | 0-0: Swinging Strike 0-1: Swinging Strike
 0-2: Ball
 1-2: Ball
 2-2: Foul Ball, location: 2F
 2-2: Ball
 3-2: Foul Ball, location: 2F
 3-2: Base on Balls
 |  
		| Batting: LHB Malik Boulay | 0-0: Called Strike 0-1: Ball
 1-1: Ground out 4-3 (Groundball, 4, EV 87.5 MPH)
 |  
		| Bottom of the 6th over - 0 runs, 0 hits, 0 errors, 1 left on base; Los Angeles (NYP) 2 - Rome 3 |  
	| TOP OF THE 7TH | 
|---|
 
		| Los Angeles (NYP) Dodgers batting - Pitching for Rome Braves : RHP Marvin Rosas |  
		| Batting: RHB Leo Cuellar | 0-0: Ball 1-0: Foul Ball, location: 2F
 1-1: Foul Ball, location: 2F
 1-2: Ball
 2-2: Ground out 6-3 (Groundball, 56D, EV 102.5 MPH)
 |  
		| Batting: RHB John Piccolo | 0-0: Ball 1-0: Ground out 6-3 (Groundball, 6, EV 88.1 MPH)
 |  
		| Batting: LHB Kippy McGrath | 0-0: Ball 1-0: Called Strike
 1-1: Ball
 2-1: Called Strike
 2-2: DOUBLE  (Line Drive, 78XD, EV 108.8 MPH)
 |  
		| Batting: RHB Eddie Perry | 0-0: SINGLE  (Groundball, 34D, EV 106.2 MPH) Kippy McGrath to third
 Runner from 3rd tries for Home, SAFE, throw by RF to home
 |  
		| Batting: RHB Jonathan Kirsch | 0-0: Ball 1-0: Ball
 2-0: Foul Ball, location: 2F
 2-1: Ball
 3-1: Foul Ball, location: 2F
 3-2: Foul Ball, location: 2F
 3-2: Ground out 6-3 (Groundball, 6, EV 81.2 MPH)
 |  
		| Top of the 7th over - 1 run, 2 hits, 0 errors, 1 left on base; Los Angeles (NYP) 3 - Rome 3 |  
	| BOTTOM OF THE 7TH | 
|---|
 
		| Rome Braves batting - Pitching for Los Angeles (NYP) Dodgers : RHP Willie Alvarado |  
		| Pitching: RHP Craig Fallon |  |  
		| Batting: LHB J.P. Olson | 0-0: Called Strike 0-1: Ball
 1-1: Ball
 2-1: SINGLE  (Flyball, 78S, EV 91.2 MPH)
 |  
		| Batting: LHB Javier Rubio | 0-0: Ball J.P. Olson steals 2nd base (no throw)
 1-0: Called Strike
 1-1: Ground out 1-3 (Groundball, 13S, EV 73.8 MPH)
 J.P. Olson to third
 |  
		| Batting: RHB Ike Trout | 0-0: Ball 1-0: Ball
 2-0: Called Strike
 2-1: Foul Ball, location: 2F
 2-2: Foul Ball, location: 2F
 2-2: Ball
 3-2: Foul Ball, location: 2F
 3-2:  Fly out, F7  (Flyball, 7LS, EV 88.8 MPH)
 Runner from 3rd tags up, OUT at HOME! 7-2
 |  
		| Bottom of the 7th over - 0 runs, 1 hit, 0 errors, 0 left on base; Los Angeles (NYP) 3 - Rome 3 |  
	| TOP OF THE 8TH | 
|---|
 
		| Los Angeles (NYP) Dodgers batting - Pitching for Rome Braves : RHP Marvin Rosas |  
		| Pitching: LHP Ron Duffy |  |  
		| Pinch Hitting: RHB Dustin Huschka | 0-0:  Fly out, F3  (Line Drive, 3, EV 75.6 MPH) |  
		| Batting: RHB Jonathan Quijada | 0-0: Swinging Strike 0-1: Foul Ball, location: 2F
 0-2: Strikes out swinging
 |  
		| Batting: SHB John Gernaat | 0-0: Ball 1-0: Ground out 6-3 (Groundball, 6S, EV 82.5 MPH)
 |  
		| Top of the 8th over - 0 runs, 0 hits, 0 errors, 0 left on base; Los Angeles (NYP) 3 - Rome 3 |  
	| BOTTOM OF THE 8TH | 
|---|
 
		| Rome Braves batting - Pitching for Los Angeles (NYP) Dodgers : RHP Craig Fallon |  
		| Pitching: RHP Cody Colburn |  |  
		| Now in RF: Dustin Huschka |  |  
		| Batting: LHB Mike Tenorio | 0-0: Ball 1-0:  Fly out, F8  (Flyball, 8RD, EV 89.4 MPH)
 |  
		| Batting: RHB Brandon Burrell | 0-0: Foul Ball, location: 2F 0-1: DOUBLE  (Groundball, 5L, EV 105.0 MPH)
 |  
		| Batting: LHB Joe Phillips | 0-0: Intentional Walk |  
		| Pinch Hitting: RHB Alex Velasquez | 0-0: Ball 1-0: SINGLE  (Flyball, 8RS, EV 90.6 MPH)
 Brandon Burrell to third
 Joe Phillips to second
 Runner from 3rd tries for Home, SAFE, throw by CF to home
 |  
		| Batting: SHB Eric Reeser | 0-0: Foul Ball, location: 2F 0-1: Foul Ball, location: 2F
 0-2: Ball
 1-2: Ball
 2-2: Strikes out swinging
 |  
		| Batting: LHB Malik Boulay | 0-0: Ball 1-0: Ball
 2-0: Foul Ball, location: 2F
 2-1: Foul Ball, location: 2F
 2-2: Foul Ball, location: 2F
 2-2: Strikes out swinging
 |  
		| Bottom of the 8th over - 1 run, 2 hits, 0 errors, 2 left on base; Los Angeles (NYP) 3 - Rome 4 |  
	| TOP OF THE 9TH | 
|---|
 
		| Los Angeles (NYP) Dodgers batting - Pitching for Rome Braves : LHP Ron Duffy |  
		| Pitching: RHP Aaron Shapiro |  |  
		| Now at 2B: Joe Phillips |  |  
		| Now at 3B: Adrian Billups |  |  
		| Now at SS: Alex Velasquez |  |  
		| Batting: RHB Mario Mejia | 0-0: Ball 1-0: Ball
 2-0: Called Strike
 2-1: Swinging Strike
 2-2: Strikes out swinging
 |  
		| Pinch Hitting: LHB Jim Schriver | 0-0: Called Strike 0-1: Called Strike
 0-2: Strikes out looking
 |  
		| Batting: RHB John Piccolo | 0-0: Called Strike 0-1: Swinging Strike
 0-2: Ball
 1-2: Strikes out swinging
 |  
		| Top of the 9th over - 0 runs, 0 hits, 0 errors, 0 left on base; Los Angeles (NYP) 3 - Rome 4 |  |